 Dungeon Crawl Stone Soup version 0.22-a0-348-gd16d139 (webtiles) character file.

22 Amnesiac the Magician (level 2, 0/13 HPs)
             Began as a Spriggan Wanderer on Apr 11, 2018.
             Hit by a tomahawk thrown by an orc (7 damage)
             ... on level 4 of the Dungeon.
             The game lasted 00:03:11 (922 turns).

Amnesiac the Magician (Spriggan Wanderer)            Turns: 922, Time: 00:03:12

Health: 0/13       AC:  2    Str:  9    XL:     2   Next: 68%
Magic:  7/8        EV: 15    Int: 13    God:
Gold:   84         SH:  0    Dex: 14    Spells: 6/10 levels left

rFire    . . .     SeeInvis +   e - +0 dagger
rCold    . . .     Gourm    .   (shield restricted)
rNeg     . . .     Faith    .   d - +0 robe
rPois    .         Spirit   .   (helmet restricted)
rElec    .         Reflect  .   (no cloak)
rCorr    .         Harm     .   (gloves unavailable)
MR       .....                  (boots unavailable)
Stlth    +.........             (no amulet)
HPRegen  0.04/turn              (no ring)
MPRegen  0.11/turn              (no ring)

@: very quick
A: very small, unfitting armour, see invisible, herbivore, speed 3, slow
metabolism 2
a: no special abilities


You were on level 4 of the Dungeon.
You were not hungry.

You visited 1 branch of the dungeon, and saw 4 of its levels.

You collected 84 gold pieces.

Inventory:

Hand Weapons
 e - a +0 dagger (weapon)
Missiles
 a - 5 needles of confusion
 c - 65 stones (quivered)
Armour
 d - a +0 robe (worn)
Jewellery
 j - an uncursed ring of stealth {unknown}
Scrolls
 b - a scroll of amnesia {!r, unknown}
 h - a scroll of teleportation {!r, unknown}
Potions
 g - 2 potions of might {!q, unknown}
 i - a potion of degeneration {!q, unknown}
Comestibles
 f - 5 rations


   Skills:
 - Level 4.5 Spellcasting
   Level 1.5 Charms
   Level 1.5 Summonings
 + Level 2.5 Earth Magic
   Level 2.6 Evocations


You had 6 spell levels left.
You knew the following spells:

 Your Spells              Type           Power        Failure   Level  Hunger
a - Sandblast             Erth           #.....       7%          1    None
b - Passwall              Tmut/Erth      #.........   19%         2    ##.....
e - Apportation           Tloc           #.....       21%         1    None


Dungeon Overview and Level Annotations

Branches:
Dungeon (4/15)
 Temple: D:4-7

Altars:
Fedhas


Innate Abilities, Weirdness & Mutations

You are very small and have problems with some larger weapons.
You are too small for most types of armour.
You have supernaturally acute eyesight. (SInv)
You are a herbivore.
You cover ground extremely quickly.
You need to consume almost no food.


Message History

The bat barely misses you.
There is a stone staircase leading down here.
The bat closely misses you. The bat hits you.
The bat hits you but does no damage. The bat hits you.
You climb downwards.
There is a stone staircase leading up here.
Casting: Sandblast (safe; 8% risk of failure)
Confirm with . or Enter, or press ? or * to list all spells.
Aiming: Sandblast (safe; 8% risk of failure)
Press: ? - help, Shift-Dir - straight line, f - bat
Aim: a bat The blast of sand hits the bat.
You kill the bat!
c - 67 stones The bat hits you but does no damage.
Casting: Sandblast (safe; 8% risk of failure)
Confirm with . or Enter, or press ? or * to list all spells.
Aiming: Sandblast (safe; 8% risk of failure)
Press: ? - help, Shift-Dir - straight line, f - bat
Aim: a bat The blast of sand hits the bat.
You kill the bat!
c - 66 stones
Casting: Sandblast (safe; 7% risk of failure)
Confirm with . or Enter, or press ? or * to list all spells.
You can't see any susceptible monsters within range! (Use Z to cast anyway.)
You start resting.
Magic restored.
You start resting.
HP restored.
Found a stone staircase leading down.
An orc comes into view. It is wielding a dagger.
Found a ration.
An orc is nearby!
The orc shouts!
You hear a shout!
You see here a ration.
f - 4 rations (gained 1)
An orc comes into view. It is wielding a flail.
An adder and an orc come into view.
The orc is wielding a dagger of speed.
The orc shouts!
An orc comes into view. It is wielding a morningstar.
The orc misses you.
You see here 14 gold pieces.
You now have 84 gold pieces (gained 14).
The orc shouts!
The orc hits you with a dagger.
An adder comes into view.
Press: ? - help, v - describe, . - travel
Here: an orc, wielding a dagger of speed and wearing a leather armour The floor.
Found 28 bolts and 8 tomahawks.
You see here a ration.
f - 5 rations (gained 1)
Casting: Sandblast (safe; 7% risk of failure)
Confirm with . or Enter, or press ? or * to list all spells.
Aiming: Sandblast (safe; 7% risk of failure)
Press: ? - help, Shift-Dir - straight line, f - orc
Aim: an orc, wielding a flail The blast of sand hits the orc.
You kill the orc!
c - 65 stones The orc throws a tomahawk.
The tomahawk hits you!
Ouch! That really hurt!
You die...

....#####....###..#
.......##..#.####...
....##..#.....##
##.#
..............>.. ..
(.............###
...###.oo....# .
#..)#....#
#...#....#
#.@##.oS... #..##
.o..#. #.. ...# ....
..# ..... .......
...#.## ...#.


You could see 2 orcs.

Vanquished Creatures
  An ooze (D:1)
  A leopard gecko (D:3)
  An orc (D:4)
  6 bats
  A giant cockroach (D:1)
  2 goblins (D:3)
  A hobgoblin (D:3)
  A kobold (D:3)
  A ball python (D:3)
  A rat (D:1)
16 creatures vanquished.

Notes
Turn   | Place    | Note
-------+----------+-------------------------------------------
     0 | D:1      | Amnesiac the Spriggan Wanderer began the quest for the Orb.
     0 | D:1      | Amnesiac set off with: a +0 robe, a +0 dagger, a ration
     0 | D:1      | Reached XP level 1. HP: 9/9 MP: 6/6
     2 | D:1      | Learned a level 1 spell: Sandblast
   364 | D:2      | Reached XP level 2. HP: 13/13 MP: 8/8
   371 | D:2      | Learned a level 2 spell: Passwall
   387 | D:2      | Learned a level 1 spell: Apportation
   782 | D:3      | Found a blossoming altar of Fedhas.
   922 | D:4      | Hit by a tomahawk thrown by an orc

Vault maps used:
D:1:      lemuel_arrival_room, xom_teletrap_fun
D:2:      grunt_temple_overflow_cloverleaf, uniq_sigmund
D:3:      grunt_gozag_breadcrumbs, fedhas_altar_2
D:4:      first_ration, uniq_menkaure

Skill      XL: |  1  2 |
---------------+-------+-----
Earth Magic    | 2 |  2.5
Spellcasting   | |  4.5
Charms         | |  1.5
Summonings     | |  1.5
Evocations     | |  2.6

Action                   || total
-------------------------++-------
Melee: Dagger            ||    42
 Cast: Sandblast         ||    11
       Apportation       ||     7
 Stab: Sleeping          ||     2
Armor: Robe              ||    13
Dodge: Dodged            ||    58

Table legend:
 A = Spawn XP
 B = Non-spawn XP
 C = Spawn XP percentage of total XP
 D = Spawn monster count
 E = Non-spawn monster count
 F = Spawn count percentage of total count
 G = Total turns spent on level
                    A         B        C        D         E        F      G
               +---------+---------+-------+---------+---------+-------+---------
         Total |       0 |      32 |   0.0 |       0 |      16 |   0.0 |   922
               +---------+---------+-------+---------+---------+-------+---------
           D:1 |       0 |      10 |   0.0 |       0 |       3 |   0.0 |   363
           D:2 |       0 |       2 |   0.0 |       0 |       1 |   0.0 |    25
           D:3 |       0 |      15 |   0.0 |       0 |       9 |   0.0 |   466
           D:4 |       0 |       5 |   0.0 |       0 |       3 |   0.0 |    68
               +---------+---------+-------+---------+---------+-------+---------
